 Dungeon Crawl Stone Soup version 0.28.0-45-g0d030f2227 (webtiles) character file.

Game seed: 14242445718300867725

52 Pinkishskies the Magician (level 4, 0/31 HPs)
             Began as a Djinni Fire Elementalist on Apr 4, 2022.
             Slain by a kobold
             ... wielding a +1 short sword of distortion
              (4 damage)
             ... on level 3 of the Dungeon.
             The game lasted 00:03:36 (3044 turns).

Pinkishskies the Magician (DjFE)                    Turns: 3044, Time: 00:03:36

Health: 0/31       AC:  2    Str:  7    XL:     4   Next: 8%
Gold:   174        EV: 12    Int: 19    God:
                   SH:  0    Dex: 13

rFire   + + +      SeeInvis .   b - staff of fire
rCold   x . .      Faith    .   (no shield)
rNeg    . . .      Spirit   .   a - +0 robe
rPois   ∞          Reflect  .   (no helmet)
rElec   .          Harm     .   (no cloak)
rCorr   .          Rampage  .   (no gloves)
Will    .....                   (boots unavailable)
Stlth   ++........              (no amulet)
HPRegen 0.10/turn               (no ring)
MPRegen 0.00/turn               (no ring)

@: flying
A: sickness immunity, fire resistance 2, cold vulnerability 1, float, innate
caster, HP casting, extra vitality 1
a: no special abilities


You were on level 3 of the Dungeon.
You visited 1 branch of the dungeon, and saw 3 of its levels.

You collected 174 gold pieces.

Inventory:

Armour
 a - a +0 robe (worn)
Magical Staves
 b - a staff of fire (weapon)
Jewellery
 e - an amulet of regeneration
 j - a ring of protection from cold
Scrolls
 c - a scroll of fear {unknown}
 g - 3 scrolls of identify {unknown}
 h - a scroll of brand weapon {unknown}
 i - a scroll of teleportation {unknown}
Potions
 d - a potion of heal wounds {unknown}
 f - a potion of invisibility {unknown}


   Skills:
 + Level 2.3 Dodging
 + Level 1.8 Stealth
 + Level 3.4 Spellcasting


You couldn't memorise any spells.
You knew the following spells:

 Your Spells              Type           Power      Damage    Failure   Level
a - Foxfire               Conj/Fire      96%        2x1d8     3%          1
b - Scorch                Fire           48%        2d7       5%          2
c - Conjure Flame         Conj/Fire      24%        6-21      11%         3
d - Inner Flame           Hex/Fire       24%        N/A       11%         3
e - Flame Wave            Conj/Fire      24%        2d7       34%         4
f - Shock                 Conj/Air       64%        1d7       3%          1
Your spell library was empty.

Dungeon Overview and Level Annotations

Branches:
Dungeon (3/15)

Altars:
Trog

Shops:
D:2 :

Annotations:
D:3 issech's ghost, amateur TrMo


Innate Abilities, Weirdness & Mutations

You are immune to sickness and miasma.
You are immune to poison.
Your flesh is very heat resistant. (rF++)
You are vulnerable to cold. (rC-)
You float through the air rather than walking.
You learn spells naturally, not from books.
Your magical power is your life essence.
You have superior vitality. (+4 MHP)


Message History

You now have 98 gold pieces (gained 8).
You now have 104 gold pieces (gained 6).
i - a scroll labelled TEUS XETARAGH You now have 116 gold pieces (gained 12).
You now have 133 gold pieces (gained 17).
There is a bloodstained altar of Trog here.
You now have 140 gold pieces (gained 7).
You now have 153 gold pieces (gained 13).
You now have 168 gold pieces (gained 15).
There is a bloodstained altar of Trog here.
There is an open door here.
j - a ring of protection from cold You now have 174 gold pieces (gained 6).
The kobold shouts! x2; You hear a shout! x5
Found 9 sling bullets.
The kobold shouts! x2
No reachable target in view!
You feel a surge of power!
You conjure some foxfire!
The kobold shouts!
The kobold hits something with a +0 club. x2
Your foxfire dissipates!
The kobold hits the plant with a +0 club. x2
Found a book of Minor Magic.
The kobold hits the plant with a +0 club. x2
Found a long sword and 6 gold pieces.
The kobold shouts!
A nearby plant withers and dies. x2
Your foxfire dissipates!
You reach down and open the gate.
Issech's ghost wails.
The kobold hits you with a +2 short sword of holy wrath.
Issech's ghost hits you!
The kobold brigand throws a poisoned dart.
The poisoned dart closely misses you.
The kobold brigand hits you with a +0 whip of distortion.
* * * LOW HITPOINT WARNING * * *
Space warps around you.
* * * LOW HITPOINT WARNING * * *
The kobold hits you with a +1 short sword of distortion.
You die...

##.)$ ##:....##
#P.#.#..#
#8.#(#.8# #
#KK#.#.P# ##
#.##KKK..##...
#..##'WK##.#
#....KKK...# #.#
#.####@#.........
#.# ######.#
#.########.#
#.......##.#
#######.##.#
##.##.#
###.#.#.##
#..###...#
#.#.#.##.##


You could see a kobold brigand, issech's ghost and 8 kobolds.

Vanquished Creatures
  An adder (D:2)
  3 worms
  2 endoplasms
  2 giant cockroaches (D:2)
  2 goblins
  3 hobgoblins (D:1)
  6 jackals
  5 ball pythons
  3 bats
  A frilled lizard (D:2)
  A kobold (D:1)
  6 rats
35 creatures vanquished.

Vanquished Creatures (others)
  128 foxfires
  2 plants (D:3)
130 creatures vanquished.

Grand Total: 165 creatures vanquished

Notes
Turn   | Place    | Note
-------+----------+-------------------------------------------
     0 | D:1      | Pinkishskies the Djinni Fire Elementalist began the quest
                  | for the Orb.
     0 | D:1      | Reached XP level 1. HP: 15/15 MP: 0/0
   389 | D:1      | Reached XP level 2. HP: 20/21 MP: 0/0
   692 | D:1      | Found a faded altar of an unknown god.
  1577 | D:2      | Reached skill level 3 in Spellcasting
  1577 | D:2      | Reached XP level 3. HP: 20/25 MP: 0/0
  1577 | D:2      | Learned a level 1 spell: Shock
  2295 | D:2      | Found Noguyluw's Book Emporium.
  2838 | D:3      | Reached XP level 4. HP: 26/31 MP: 0/0
  2949 | D:3      | Found a bloodstained altar of Trog.
  3035 | D:3      | Found a runed translucent gate.
  3035 | D:3      | Found a runed translucent gate.
  3036 | D:3      | Found a runed translucent gate.
  3036 | D:3      | Noticed issech's ghost (amateur TrMo)
  3038 | D:3      | Noticed a kobold brigand
  3044 | D:3      | Slain by a kobold

Illustrated notes

Levels and vault maps discovered:
D:1:      mrwooster_arrival_arrow, layout_rooms,
          hellmonk_ecumenical_altar_arch_garden
D:2:      layout_basic, serial_shops, shop
D:3:      layout_loops_ring, nemelex_spade_bored_becter, amcnicky_altar_gilded,
          jmf_multi_god_temple, gammafunk_ghost_nasty_kobolds

Skill      XL: |  1  2 |
---------------+-------+-----
Spellcasting   | 3 |  3.4
Dodging        | |  2.3
Stealth        | |  1.8

Action                   |  1- 3 |  4- 6 || total
-------------------------+-------+-------++-------
 Cast: Foxfire           |    78 |     9 ||    87
       Scorch            |     7 |       ||     7
Armor: Robe              |     2 |       ||     2
Dodge: Dodged            |     4 |     1 ||     5
